Map: Turbo Cruise '84 LE

Players

DopeCiao - Winner!

  • Race: Zerg Zerg
  • League: Platinum
  • Spawn Location: 3:00

pHARM

  • Race: Zerg Zerg
  • League: Platinum
  • Spawn Location: 7:00

VOD

Have the link to the VOD?

Description

Time

  • Played on: Aug. 5, 2019, 12:05 a.m.
  • Length: 3:54
Show
View Real Time Build Order
Export as new Build Order

DopeCiao Zerg - Winner!

Build Orders: Pool First 

Get SALT Encoding   

  12  0:01  Drone  
  13  0:09  Drone  
  14  0:17  Overlord  
  14  0:38  Spawning Pool  
  14  0:40  Drone, Extractor  
  13  0:43  Drone  
  13  0:48  Drone  
  15  1:00  Drone  
  16  1:05  Drone  
  17  1:24  Hatchery  
  16  1:27  Drone  
  17  1:42  Drone  
  17  1:44  Queen  
  20  1:50  Overlord  
  20  2:00  Metabolic Boost  
  20  2:02  Zergling x2  
  20  2:05  Zergling x2  
  22  2:13  Zergling x2  
  23  2:20  Zergling x2  
  24  2:28  Zergling x2  
  25  2:38  Zergling x2  
  26  2:46  Zergling x2  
  26  2:49  Zergling x2  
  26  2:50  Zergling x2, Baneling Nest  
  28  2:52  Zergling x2  
  28  2:53  Zergling x4  
  31  3:07  Zergling x4  
  31  3:11  Overlord  
  33  3:14  Zergling x2  
  34  3:32  Zergling x2  
  34  3:33  Zergling x4  
Show
View Real Time Build Order
Export as new Build Order

pHARM Zerg 

Build Orders: Pool First 

Get SALT Encoding   

  12  0:01  Drone  
  13  0:12  Overlord  
  13  0:18  Drone  
  14  0:30  Drone x2  
  14  0:34  Drone  
  17  0:47  Spawning Pool  
  16  0:50  Drone  
  18  1:05  Drone, Hatchery  
  18  1:18  Spawning Pool  
  18  1:20  Drone  
  18  1:23  Drone  
  19  1:32  Drone  
  20  1:45  Drone, Extractor  
  20  2:10  Overlord  
  20  2:23  Drone  
  20  2:24  Drone x3, Queen x2  
  28  2:31  Drone, Spine Crawler  
  28  2:38  Drone  
  28  2:44  Drone  
  30  2:48  Drone  
  31  2:56  Drone  
  32  3:00  Queen  
  34  3:07  Drone x2  
  36  3:16  Evolution Chamber  
  36  3:17  Overlord  
  35  3:20  Drone  
  36  3:27  Drone, Roach Warren  
  36  3:45  Evolution Chamber  
Tags
 
Add a new tag
Caveats
  • Supply blocks, unpowered buildings, or Contaminate may cause inaccurate times.
  • Supply counts are checked every 10 seconds.